 Dungeon Crawl Stone Soup version 0.31.0 (webtiles) character file.

Game seed: 10388063968079377600

270 qw the Shooter (level 6, 0/38 HPs)
             Began as a Gargoyle Hunter on Jan 20, 2024.
             Slain by a gnoll
             ... wielding a +0 club
              (6 damage)
             ... on level 4 of the Dungeon.
             The game lasted 00:00:09 (1965 turns).

qw the Shooter (Gargoyle Hunter)                    Turns: 1965, Time: 00:00:09

Health: 0/38       AC: 10    Str: 14    XL:     6   Next: 22%
Magic:  6/6        EV: 11    Int: 10    God:
Gold:   138        SH:  0    Dex: 15    Spells: 5/5 levels left

rFire   . . .        a - +0 shortbow
rCold   + . .        (shield currently unavailable)
rNeg    + . .        d - +0 ring mail
rPois   inf          f - +0 helmet
rElec   +            (no cloak)
rCorr   .            (no gloves)
SInv    +            (no boots)
Will    +....        k - amulet of regeneration
Stlth   +            j - ring of willpower
HPRegen 1.06/turn    g - ring of Ohuifah {rC+ SInv}
MPRegen 0.10/turn

%: no passive effects
@: no status effects
A: sickness immunity, AC +4, negative energy resistance 1, electricity
resistance, torment resistance 1, petrification resistance, hooves 1
a: no special abilities


You were on level 4 of the Dungeon.
You visited 1 branch of the dungeon, and saw 4 of its levels.

You collected 138 gold pieces.


Innate Abilities, Weirdness & Mutations

You are immune to sickness and miasma.
Your stone body is resilient. (AC +4)
You are immune to poison.
You resist negative energy. (rN+)
You are resistant to electric shocks. (rElec)
You are resistant to unholy torment.
You are immune to petrification.
You have large cloven feet.


   Skills:
 - Level 4.2 Fighting
 + Level 6.2 Ranged Weapons
 - Level 1.4 Armour
 - Level 1.5 Dodging
 - Level 1.1 Stealth


You had 5 spell levels left.
You didn't know any spells.
Your spell library was empty.

Inventory:

Hand Weapons
 a - a +0 shortbow (weapon)
Armour
 d - a +0 ring mail (worn)
 f - a +0 helmet (worn)
Jewellery
 g - the ring of Ohuifah (right hand) {rC+ SInv}
   (You found it on level 2 of the Dungeon)

   [ring of protection from cold]

   rC+:       It protects you from cold.
   SInv:      It lets you see invisible.
 h - a ring of fire
 j - a ring of willpower (left hand)
 k - an amulet of regeneration (around neck)
Potions
 e - 2 potions of curing

Dungeon Overview and Level Annotations

Branches:
Dungeon (4/15)
 Temple: D:4-7

Altars:


Message History

You shoot an arrow. The arrow hits the orc wizard.
The orc wizard is moderately wounded.
The gnoll closely misses you.
The orc wizard gestures at you while chanting.
The puff of flame misses you. The gnoll hits you with a +0 whip.
You shoot an arrow. The arrow barely misses the orc wizard.
The gnoll closely misses you.
The orc wizard hits you but does no damage.
The gnoll hits you but does no damage.
You shoot an arrow. The arrow hits the orc wizard.
The orc wizard is severely wounded.
The gnoll hits you but does no damage.
The orc wizard casts a spell.
The orc wizard flickers and vanishes for a moment.
The gnoll closely misses you.
You shoot an arrow. The arrow hits the orc wizard!
You kill the orc wizard!
The gnoll hits you but does no damage. The gnoll barely misses you. x2
The gnoll hits you with a +0 club. The gnoll hits you with a +0 flail.
Your Fighting skill increases to level 4!
You shoot an arrow. The arrow hits the gnoll.
The gnoll is heavily wounded.
The gnoll closely misses you. The gnoll barely misses you.
The gnoll hits you with a +0 whip.
You shoot an arrow. The arrow hits the gnoll.
The gnoll is almost dead.
The gnoll closely misses you. The gnoll hits you with a +0 club.
The gnoll hits you with a +0 whip.
You shoot an arrow.
The arrow hits the gnoll but does no damage.
The gnoll is almost dead.
The gnoll closely misses you.
The gnoll hits you but does no damage. x2
You shoot an arrow. The arrow hits the gnoll.
You kill the gnoll!
The gnoll hits you with a +0 flail! The gnoll hits you with a +0 club.
The gnoll closely misses you. The gnoll hits you with a +0 flail!
You shoot an arrow. The arrow hits the gnoll.
The gnoll is lightly wounded.
The gnoll barely misses you. The gnoll hits you with a +0 club.
You die...

#### ...#
.##...###
.)..#...#
.##...#.#
........##########
#.............#
#..g@########<#
#..g)# #.# #...)#
#.# ......# #.#
#.##..... #.# #
##..## #.# ... #.#
.... #.#


You could see 2 gnolls.

Vanquished Creatures
  A water moccasin skeleton (D:3)
  An orc priest (D:3)
  2 orc wizards
  A gnoll (D:4)
  6 adders
  2 dart slugs (D:3)
  A ribbon worm (D:3)
  5 orcs
  3 bats
  6 endoplasms
  2 giant cockroaches
  7 goblins
  4 hobgoblins
  7 jackals
  3 quokkas (D:1)
  3 ball pythons
  A ball python skeleton (D:3)
  2 frilled lizards (D:1)
  A giant cockroach zombie (D:3)
  9 kobolds
  6 rats
73 creatures vanquished.

Notes
Turn   | Place    | Note
-------+----------+-------------------------------------------
     0 | D:1      | qw the Gargoyle Hunter began the quest for the Orb.
     0 | D:1      | Reached XP level 1. HP: 12/12 MP: 1/1
     0 | D:1      | 0 ||| qw: Version: 0.3-a-132-g3d54051
     0 | D:1      | 0 ||| qw: Game counter: 422
     0 | D:1      | 0 ||| qw: Melee chars always use a shield: true
     0 | D:1      | 0 ||| qw: God list: Okawaru
     0 | D:1      | 0 ||| qw: Allow faded altars: false
     0 | D:1      | 0 ||| qw: Do Orc after clearing Dungeon:15 true
     0 | D:1      | 0 ||| qw: Do second Lair branch before Depths: true
     0 | D:1      | 0 ||| qw: Lair rune preference: random
     0 | D:1      | 0 ||| qw: Goals: Normal
     0 | D:1      | 0 ||| PLANNING D:1-11
   118 | D:1      | Reached XP level 2. HP: 16/17 MP: 2/2
   288 | D:1      | Reached XP level 3. HP: 21/21 MP: 3/3
   295 | D:1      | Reached skill level 5 in Ranged Weapons
   482 | D:1      | 482 ||| UPGRADING to +0 ring mail.
   492 | D:1      | 492 ||| DROPPING +0 leather armour.
   493 | D:1      | 493 ||| UPGRADING to amulet of regeneration.
   498 | D:1      | 498 ||| UPGRADING to ring of willpower.
   499 | D:1      | 499 ||| READING scroll labelled LIXTUG MEULI.
   499 | D:1      | 499 ||| ENCHANTING +0 shortbow.
   500 | D:1      | 500 ||| READING scroll labelled IJUOJ SIUMERE.
   501 | D:1      | 501 ||| READING scroll labelled HIOQEPHOSU.
   501 | D:1      | 501 ||| IDENTIFYING fuming yellow potion
   502 | D:1      | 502 ||| READING scroll labelled GENOTO QUMOI.
   506 | D:1      | 506 ||| DRINKING 2 murky clear potions.
   506 | D:1      | Gained mutation: Your mind is acute. (Int +4, Str/Dex -1)
                  | [potion of mutation]
   506 | D:1      | Gained mutation: You are frail. (-10% HP) [potion of
                  | mutation]
   506 | D:1      | Gained mutation: You are partially covered in iridescent
                  | scales. (AC +2) [potion of mutation]
   507 | D:1      | 507 ||| DRINKING potion of mutation.
   507 | D:1      | Lost mutation: Your mind is acute. (Int +4, Str/Dex -1)
                  | [potion of mutation]
   507 | D:1      | Lost mutation: You are partially covered in iridescent
                  | scales. (AC +2) [potion of mutation]
   507 | D:1      | Lost mutation: You are frail. (-10% HP) [potion of
                  | mutation]
   507 | D:1      | Gained mutation: You passively map a small area around you.
                  | [potion of mutation]
   507 | D:1      | Lost mutation: You passively map a small area around you.
                  | [potion of mutation]
   507 | D:1      | Gained mutation: You have large cloven feet. [potion of
                  | mutation]
   510 | D:1      | 510 ||| DROPPING scroll of butterflies.
   664 | D:2      | Identified the ring of Ohuifah {rC+ SInv}
  1066 | D:2      | 1066 ||| DROPPING +6 ring of intelligence.
  1067 | D:2      | 1067 ||| UPGRADING to ring of Ohuifah {rC+ SInv}.
  1068 | D:2      | 1068 ||| READING 2 scrolls of identify.
  1068 | D:2      | 1068 ||| IDENTIFYING lumpy ruby potion
  1069 | D:2      | 1069 ||| READING scroll of identify.
  1069 | D:2      | 1069 ||| IDENTIFYING 3 yellow potions
  1070 | D:2      | 1070 ||| READING scroll labelled OSOLAPELOC.
  1071 | D:2      | 1071 ||| READING scroll labelled TANIWK XELU.
  1072 | D:2      | 1072 ||| DROPPING potion of degeneration.
  1073 | D:2      | 1073 ||| DROPPING 3 potions of brilliance.
  1117 | D:3      | 1117 ||| STAIRDANCE
  1122 | D:2      | Reached skill level 1 in Armour
  1133 | D:3      | Reached XP level 4. HP: 27/27 MP: 4/4
  1278 | D:3      | Reached skill level 3 in Fighting
  1278 | D:3      | 1278 ||| FLEEEEING.
  1358 | D:3      | Found a faded altar of an unknown god.
  1424 | D:3      | Reached XP level 5. HP: 29/32 MP: 5/5
  1686 | D:3      | Reached skill level 6 in Ranged Weapons
  1862 | D:3      | 1862 ||| UPGRADING to +0 helmet.
  1867 | D:3      | 1867 ||| READING scroll of identify.
  1867 | D:3      | 1867 ||| IDENTIFYING scroll labelled RUNWYUN AGIYK
  1868 | D:3      | 1868 ||| DROPPING scroll of blinking.
  1920 | D:4      | Reached XP level 6. HP: 38/38 MP: 6/6
  1964 | D:4      | HP: 4/38 [gnoll/+0 flail (9)]
  1965 | D:4      | Slain by a gnoll

Levels and vault maps discovered:
D:1:      minmay_arrival_five_plusses, layout_basic
D:2:      layout_basic
D:3:      layout_loops_ring, serial_undead, serial_undead_b, serial_undead_e,
          serial_undead_c, serial_undead_c,
          hellmonk_ecumenical_altar_crossroads, corexii_item_surrounded_by_moat,
          minmay_cupped
D:4:      layout_loops_ring, nicolae_grassy_gnolls, uniq_natasha

Skill      XL: |  1  2  3  4  5  6 |
---------------+-------------------+-----
Ranged Weapons | 5 6 |  6.2
Armour         | 1 |  1.4
Fighting       | 3 4 |  4.2
Dodging        | |  1.5
Stealth        | |  1.1

Action                     |  1- 3 |  4- 6 || total
---------------------------+-------+-------++-------
   Fire: Shortbow          |   108 |   137 ||   245
    Use: Scroll            |     8 |     1 ||     9
         Potion            |     2 |       ||     2
 Armour: Leather armour    |    16 |       ||    16
         Ring mail         |     8 |    61 ||    69
  Dodge: Dodged            |    16 |    49 ||    65

Table legend:
 A = Non-vault XP
 B = Vault XP
 C = Vault XP percentage of total XP
 D = Non-vault monster count
 E = Vault monster count
 F = Vault count percentage of total count
                 A         B        C        D         E       F
            +---------+---------+-------+---------+---------+-------
      Total |     312 |      75 |  19.4 |      67 |       6 |   8.2
            +---------+---------+-------+---------+---------+-------
        D:1 |      47 |       0 |   0.0 |      29 |       0 |   0.0
        D:2 |      25 |       0 |   0.0 |       8 |       0 |   0.0
        D:3 |     167 |      75 |  31.0 |      23 |       6 |  20.7
        D:4 |      73 |       0 |   0.0 |       7 |       0 |   0.0
            +---------+---------+-------+---------+---------+-------
